 Dungeon Crawl Stone Soup version 0.18.1-48-g4cf74bf (webtiles) character file.

105 wutend the Skirmisher (level 4, 0/33 HPs)
             Began as an Octopode Fighter on Aug 18, 2016.
             Engulfed by a cloud of flame (12 damage)
             ... on level 4 of the Dungeon.
             The game lasted 00:06:39 (2332 turns).

wutend the Skirmisher (Octopode Fighter)            Turns: 2332, Time: 00:06:40

Health: 0/33       AC:  1    Str: 15    XL:     4   Next: 83%
Magic:  4/4        EV: 10    Int: 10    God:
Gold:   170        SH:  8    Dex: 12    Spells: 0 memorised, 3 levels left

rFire  + . .     SeeInvis .     a - +0 long sword
rCold  . . .     Gourm    .     b - +0 shield
rNeg   . . .     Faith    .     (helmet restricted)
rPois  .         Spirit   .     (no amulet)
rElec  .         Dismiss  .     p - ring of protection from fire
rCorr  .         Reflect  .     s - ring of flight
SustAt .         Harm     .     (no ring)
MR     .....                    (no ring)
Stlth  +++.......               (no ring)
                                (no ring)
                                (no ring)
                                (no ring)

@: lethally poisoned (0 -> -6), not resistant to hostile enchantments, fairly
stealthy
A: almost no armour, amphibious, 8 rings, constrict 8, camouflage 1, gelatinous
body 1
a: Evoke Flight


You were on level 4 of the Dungeon.
You were very hungry.

You visited 1 branch of the dungeon, and saw 4 of its levels.

You collected 170 gold pieces.

Inventory:

Hand Weapons
 a - a +0 long sword (weapon)
Armour
 b - a +0 shield (worn)
Jewellery
 p - a ring of protection from fire (left tentacle)
 s - a ring of flight (right tentacle)
Wands
 u - a wand of slowing (25/48)
Scrolls
 g - a scroll of magic mapping
Potions
 c - 2 potions of might
 e - a potion of brilliance
 i - a potion of invisibility {unknown}
 j - a potion of haste {unknown}
 l - a potion of magic {unknown}
 n - a potion of cure mutation {unknown}
 o - 2 potions of heal wounds
 w - a potion of curing {unknown}
 z - a potion of flight {unknown}
Comestibles
 d - 3 bread rations
 f - 2 meat rations
 q - 4 fruits
 r - a slice of pizza
 v - a beef jerky


   Skills:
 + Level 3.8 Fighting
 + Level 3.4 Long Blades
 - Level 3.0 Dodging
 + Level 3.3 Stealth
 - Level 3.0 Shields


You had 3 spell levels left.
You didn't know any spells.

Dungeon Overview and Level Annotations

Branches:
Dungeon (4/15)
 Temple: D:4-7

Altars:
Elyvilon
Gozag
Nemelex Xobeh
Okawaru
Sif Muna
The Shining One


Innate Abilities, Weirdness & Mutations

You cannot wear most types of armour.
You are amphibious.
You can wear up to eight rings at the same time.
You can use your tentacles to constrict eight enemies at once.
Your skin changes colour to match your surroundings (Stealth).
Your rubbery body absorbs attacks (AC +1).


Message History

An adder comes into view.
Read which item? (? for menu, Esc to quit)
As you read the scroll labeled ESA VEIGUS, it crumbles to dust.
The creatures around you are filled with an inner flame!
It was a scroll of immolation.
You block the adder's attack.
You miss the adder. Your grab misses the adder.
You block the adder's attack. x2
You miss the adder. Your grab misses the adder. The adder closely misses you.
The adder barely misses you.
You closely miss the adder. Your grab misses the adder.
You squeeze the adder, but do no damage.
You block the adder's attack. The adder bites you.
You are poisoned.
The adder poisons you!
You hit the adder. Your grab misses the adder. You squeeze the adder!
The adder explodes!
The fiery explosion engulfs you! You resist.
Ouch! That really hurt!
You are engulfed in roaring flames.
You resist.
You die...

*****,,,**********,* *,,,** **,**
##**.##*** *,**** *,* #.,...,,,*
*,**** *,* #.*#.#**,* *,,,,,
**+** #.##.##*,* *,**** **,,,**
#.....#*,* *,* **,,,,,**
#§#...#*,* *,*** **,,,,,,,**
#§§.#.#*,* *,*,**
**,,,,,,,,,####§@.%.##.####*,,,,*
,+,>,,,,,,,+.......<.>.....,,,,,,
**,,,,,,,,,####...#########*,,,,*
***,,,,,,,** ##..# *,,,,,,,* *
**,,,,,** **##.#**** *,,*,**,* *
**,,,** *,,..%,,,* *,,*,**,*
**+** *,*#.#**,* *,,*,**,* *,*
*,*#.# *,* *,,,,**,* *,* *,*#.#
*,* *,,,,,,,*


There were no monsters in sight!

Vanquished Creatures
  3 gnolls (D:3)
  4 adders
  An ooze (D:1)
  A worm (D:2)
  2 dart slugs (D:1)
  2 bats (D:1)
  3 giant cockroaches
  3 goblins
  2 hobgoblins
  8 kobolds
  A ball python (D:2)
  2 giant newts (D:1)
  3 rats
35 creatures vanquished.

Notes
Turn   | Place    | Note
--------------------------------------------------------------
     0 | D:1      | wutend the Octopode Fighter began the quest for the Orb.
     0 | D:1      | Reached XP level 1. HP: 16/16 MP: 1/1
    91 | D:1      | Reached skill level 1 in Stealth
    91 | D:1      | Reached XP level 2. HP: 11/21 MP: 2/2
   775 | D:1      | Reached XP level 3. HP: 26/26 MP: 3/3
  1076 | D:2      | Found a sparkling altar of Nemelex Xobeh.
  1076 | D:2      | Found an opulent altar of Gozag.
  1425 | D:3      | Found a white marble altar of Elyvilon.
  1426 | D:3      | Found a deep blue altar of Sif Muna.
  1426 | D:3      | Found an iron altar of Okawaru.
  1613 | D:3      | Reached XP level 4. HP: 31/31 MP: 4/4
  1634 | D:3      | Found a glowing golden altar of the Shining One.
  2332 | D:4      | Engulfed by a cloud of flame

Skill      XL: |  1  2  3  4 |
---------------+-------------+-----
Stealth        | 1 2 3 |  3.3
Long Blades    | 3 |  3.4
Fighting       | |  3.8
Dodging        | |  3.0
Shields        | |  3.0

Action                   |  1- 3 |  4- 6 || total
-------------------------+-------+-------++-------
Melee: Long sword        |    53 |    18 ||    71
       Tentacles         |     6 |     5 ||    11
       Constrict         |    16 |     3 ||    19
  Use: Scroll            |       |     7 ||     7
 Stab: Sleeping          |    11 |     2 ||    13
  Eat: Chunk             |     2 |     1 ||     3
Dodge: Dodged            |    14 |     3 ||    17
Block: Shield            |    19 |    12 ||    31
